 Dungeon Crawl Stone Soup version 0.18.1-8-gdd0e5ea (webtiles) character file.

72 georgeearnest the Insei (level 4, 0/34 HPs)
             Began as a Vampire Monk on May 21, 2016.
             Slain by a slave (1 damage)
             ... led by Pikel
             ... on level 4 of the Dungeon.
             The game lasted 00:06:54 (1586 turns).

georgeearnest the Insei (Vampire Monk)              Turns: 1586, Time: 00:06:55

Health: 0/34       AC:  3    Str: 11    XL:     4   Next: 7%
Magic:  4/4        EV: 14    Int: 17    God:    Xom [..*...]
Gold:   58         SH:  0    Dex: 16    Spells: 0 memorised, 3 levels left

rFire  . . .     SeeInvis +       - Unarmed
rCold  . . .     Gourm    .     g - +0 leather armour (curse)
rNeg   + . .     Faith    .     (no shield)
rPois  .         Spirit   .     (no helmet)
rElec  .         Dismiss  .     (no cloak)
rCorr  .         Reflect  .     (no gloves)
SustAt .         Harm     .     (no boots)
MR     .....                    (no amulet)
Stlth  +++.......               (no ring)
                                (no ring)

@: brilliant, not resistant to hostile enchantments, fairly stealthy
A: fangs 3, see invisible, unbreathing
a: Bat Form, Renounce Religion


You were on level 4 of the Dungeon.
You worshipped Xom.
You were a toy of Xom.
You were not thirsty.

You visited 1 branch of the dungeon, and saw 4 of its levels.

You collected 58 gold pieces.

Inventory:

Hand Weapons
 c - a +0 hunting sling
Missiles
 f - 46 stones (quivered)
Armour
 a - a +0 robe
 g - a cursed +0 leather armour (worn)
Jewellery
 l - an uncursed amulet of the gourmand {unknown}
Scrolls
 d - a scroll of fear {unknown}
 e - 2 scrolls of identify {unknown}
 h - 2 scrolls of blinking {unknown}
Potions
 j - a potion of lignification {unknown}
 k - a potion of cure mutation {unknown}


   Skills:
 + Level 2.9 Fighting
 + Level 4.3 Dodging
 + Level 3.4 Stealth
 + Level 5.1 Unarmed Combat


You had 3 spell levels left.
You didn't know any spells.

Dungeon Overview and Level Annotations

Branches:
Dungeon (4/15)
 Temple: D:4-7

Altars:
Xom

Annotations:
D:3 Grinder
D:4 Pikel


Innate Abilities, Weirdness & Mutations

You have razor-sharp teeth.
You have supernaturally acute eyesight.
You can survive without breathing.


Message History

The slave hits you but does no damage.
Drink which item? (? for menu, Esc to quit)
Yummy - fresh blood!
The slave barely misses you. The slave completely misses you.
The slave hits you.
* * * LOW HITPOINT WARNING * * *
Pikel barely misses you. The slave barely misses you.
Drink which item? (? for menu, Esc to quit)
It was a potion of curing.
You feel better.
Xom is mildly amused.
The slave hits you.
* * * LOW HITPOINT WARNING * * *
The slave hits you.
* * * LOW HITPOINT WARNING * * *
The slave barely misses you. Pikel hits you with a whip of flaming.
* * * LOW HITPOINT WARNING * * *
Pikel burns you.
* * * LOW HITPOINT WARNING * * *
The slave hits you.
You die...
Xom is highly amused!

#######
#...$$#
#.....#
#...[.#
.###.....##
......pKp.#
#..p@p.#
######.#
########.#
........)#
######..#
...#..#
...##.#..#
.........#
....#.##.##.#


You could see Pikel and 4 slaves.

Vanquished Creatures
  3 adders (D:2)
  A dart slug (D:1)
  A giant gecko (D:2)
  7 bats
  6 giant cockroaches
  3 goblins (D:1)
  5 hobgoblins
  2 jackals (D:1)
  A ball python (D:1)
  2 giant newts
  3 kobolds (D:1)
  7 rats
41 creatures vanquished.

Notes
Turn   | Place    | Note
--------------------------------------------------------------
     0 | D:1      | georgeearnest the Vampire Monk began the quest for the Orb.
     0 | D:1      | Reached XP level 1. HP: 17/17 MP: 1/1
   188 | D:1      | Reached XP level 2. HP: 16/23 MP: 2/2
   651 | D:1      | Reached XP level 3. HP: 26/28 MP: 3/3
   902 | D:2      | Found a faded altar to an unknown god.
   920 | D:2      | Became a worshipper of Xom of Chaos
   933 | D:2      | Reached skill level 5 in Unarmed Combat
  1191 | D:2      | Reached XP level 4. HP: 29/34 MP: 4/4
  1288 | D:2      | Found a shimmering altar of Xom.
  1289 | D:2      | Found a shimmering altar of Xom.
  1303 | D:2      | Found a shimmering altar of Xom.
  1305 | D:2      | Found a shimmering altar of Xom.
  1306 | D:2      | You fall through a shaft!
  1311 | D:3      | Noticed Grinder
  1342 | D:3      | Paralysed by Grinder for 6 turns
  1577 | D:4      | Noticed Pikel
  1577 | D:4      | Noticed a slave
  1577 | D:4      | Noticed a slave
  1577 | D:4      | Noticed a slave
  1577 | D:4      | Noticed a slave
  1577 | D:4      | XOM: potion effect (brilliance)
  1586 | D:4      | HP: 1/34 [Pikel/whip of flaming (1)]
  1586 | D:4      | Slain by a slave

Skill      XL: |  1  2  3 |
---------------+----------+-----
Dodging        | 4 |  4.3
Unarmed Combat | 5 |  5.1
Fighting       | |  2.9
Stealth        | |  3.4

Action                   |  1- 3 |  4- 6 || total
-------------------------+-------+-------++-------
Melee: Unarmed           |   111 |    11 ||   122
       Bite              |    13 |     1 ||    14
       Punch             |     4 |       ||     4
  Use: Potion            |       |     2 ||     2
 Stab: Sleeping          |     5 |       ||     5
  Eat: Corpse            |     1 |     2 ||     3
Armor: Robe              |    19 |       ||    19
       Leather armour    |     5 |    10 ||    15
Dodge: Dodged            |   129 |    27 ||   156
